Unix NetHack Version 3.7.0-101 Work-in-progress - last build Mar 25 2024 11:18:41 (462964f8eaac915e699fc3a71b43428251fec12b,branch:master). Game began 2024-03-27 18:55:32, ended 2024-03-27 19:02:09. tromix, lawful male human Priest ---- .|..| -...-- --<.... --.... |.--. |.- --G.. |..@. ..... Tromix the Acolyte St:8 Dx:12 Co:14 In:12 Wi:18 Ch:11 Lawful Dlvl:4 $:40 HP:0(29) Pw:40(40) AC:4 Xp:3 T:1247 Burdened Latest messages: You have a little trouble lifting y - a cram ration. You miss the gecko. You miss the gecko. The gecko misses! You miss the gecko. The gecko bites! The gecko bites! You miss the gecko. The gecko misses! You hit the gecko. You kill the gecko! You find a hidden door. The door resists! The door opens. You see here 4 gold pieces. You have a little trouble lifting $ - 4 gold pieces (40 in total). There is nothing here to pick up. You fall down the stairs. You hear crashing rock. You miss the gnome. You kill the gnome! You see here a gnome corpse. You hit the gnome. You kill the gnome! You swap places with the peaceful dwarf. The gnome lord hits! The gnome lord misses! You swap places with the peaceful dwarf. You have a little trouble lifting z - a blue gem. The gnome lord hits! You hit the gnome lord. You miss the gnome lord. The gnome lord hits! You miss the gnome lord. The gnome lord hits! The gnome lord hits! You miss the gnome lord. The gnome lord misses! You miss the gnome lord. You miss the gnome lord. The gnome lord misses! You miss the gnome lord. The gnome lord hits! You miss the gnome lord. You hit the gnome lord. You hear crashing rock. The gnome lord hits! The gnome lord hits! You die... Do you want your possessions identified? [ynq] (y) q Inventory: Coins $ - 40 gold pieces Weapons a - a blessed +1 mace (weapon in right hand) Armor c - a blessed +0 small shield (being worn) b - a +0 robe (being worn) i - a +0 studded leather armor (being worn) Comestibles e - 2 cloves of garlic y - a cram ration r - a fortune cookie f - a sprig of wolfsbane x - a tripe ration t - a tin of szechuan coyote meat u - 2 lichen corpses Scrolls v - a scroll of magic mapping Spellbooks h - a spellbook of create monster g - a spellbook of detect monsters Potions n - a potion of gain level k - a potion of healing m - a potion of monster detection w - a potion of paralysis j - a potion of speed d - 4 potions of holy water Rings l - a cursed ring of hunger Wands o - a wand of fire (0:5) s - a wand of secret door detection (0:12) Tools q - a cursed oil lamp Gems/Stones p - a jet stone z - a worthless piece of blue glass Tromix the Priest's attributes: Background: You were an Acolyte, a level 3 human Priest. You were lawful, nominally on a mission for Tyr who was opposed by Odin (neutral) and Loki (chaotic). You were right-handed. You were in the Gnomish Mines, on level 4. You entered the dungeon 1247 turns ago. You had 56 experience points, 24 more were needed to attain level 4. Basics: You had 0 out of 29 hit points. You had all 40 energy points (spell power). Your armor class was 4. Your wallet contained 40 zorkmids. Autopickup was off. Final Characteristics: Your strength was 8 (limit:18/100). Your dexterity was 12 (limit:18). Your constitution was 14 (limit:18). Your intelligence was 12 (limit:18). Your wisdom was 18 (limit:18). Your charisma was 11 (limit:18). Final Status: You weren't hungry. You were burdened; movement was slightly slowed. You were wielding a mace. You had basic skill with mace. Final Attributes: You were devoutly aligned. You were guarded. You are dead. Miscellaneous: You disabled loading of bones levels. Total elapsed playing time was 6 minutes and 36 seconds. Major events: Turn 1: tromix the lawful human Priest entered the dungeon 921: attained the rank of Acolyte (level 3) 1209: entered the Gnomish Mines 1247: killed by a gnome lord Vanquished creatures: a gas spore 2 gnomes 2 geckos 3 jackals 3 foxes 2 sewer rats 2 grid bugs 4 lichens a newt 20 creatures vanquished. No species were genocided or became extinct. Voluntary challenges: You were an atheist. You read items or engraved 3 times. You never engraved Elbereth. You never genocided any monsters. You never polymorphed an object. You never changed form. You used no wishes. Achievements: You attained the rank of Acolyte. You entered the Gnomish Mines. The Dungeons of Doom: levels 1 to 3 Level 1: A fountain. Level 2: Level 3: An altar, a sink. Stairs down to The Gnomish Mines. The Gnomish Mines: Level 4: <- You were here. Final resting place for you, killed by a gnome lord. Game over: ---------- / \ / REST \ / IN \ / PEACE \ / \ | tromix | | 40 Au | | killed by a | | gnome lord | | | | | | 2024 | *| * * * | * _________)/\\_//(\/(/\)/\//\/|_)_______ Goodbye tromix the Priest... You died in The Gnomish Mines on dungeon level 4 with 420 points, and 40 pieces of gold, after 1247 moves. You were level 3 with a maximum of 29 hit points when you died.